 Dungeon Crawl Stone Soup version 0.29-a0-359-g541a27f54d (webtiles) character file.

Game seed: 3137583816762990072

237 zeratav the Shooter (level 6, -2/35 HPs)
             Began as a Tengu Hunter on Apr 27, 2022.
             Was an Initiate of Hepliaklqana.
             Slain by Grinder (7 damage)
             ... while paralysed by Grinder
             ... on level 4 of the Dungeon.
             The game lasted 00:04:01 (3633 turns).

zeratav the Shooter (Tengu Hunter)                  Turns: 3633, Time: 00:04:01

Health: -2/35      AC:  3    Str: 11    XL:     6   Next: 6%
Magic:  7/7        EV:  2    Int:  9    God:    Hepliaklqana [......]
Gold:   189        SH:  0    Dex: 20    Spells: 5/5 levels left

rFire   . . .      SeeInvis .   a - +1 shortbow {bow}
rCold   . . .      Faith    .   (shield currently unavailable)
rNeg    . . .      Spirit   .   b - +0 leather armour
rPois   .          Reflect  .   (helmet restricted)
rElec   .          Harm     .   (no cloak)
rCorr   .          Rampage  .   (no gloves)
Will    .....                   (boots unavailable)
Stlth   ++........              (no amulet)
HPRegen 0.11/turn               (no ring)
MPRegen 0.10/turn               (no ring)

@: paralysed, flying quickly and evasively, quick
A: beak, talons 3, nimble flight
a: Renounce Religion


You were on level 4 of the Dungeon.
You worshipped Hepliaklqana.
Hepliaklqana was noncommittal.
You visited 2 branches of the dungeon, and saw 5 of its levels.

You collected 189 gold pieces.


Innate Abilities, Weirdness & Mutations

You have a beak for a mouth.
You have claws for feet.
Your magical nature lets you fly swiftly and evasively.


   Skills:
 - Level 2.0 Fighting
 + Level 7.8 Bows
 - Level 2.1 Dodging
 - Level 1.0 Stealth


You had 5 spell levels left.
You didn't know any spells.
Your spell library contained the following spells:

 Spells                   Type           Power      Damage    Failure   Level
 Sting                    Tmut/Pois      0%         1d3       47%         1
 Poisonous Vapours        Pois/Air       0%         N/A       63%         2
 Olgreb's Toxic Radiance  Pois           0%         N/A       99%         4

Inventory:

Hand Weapons
 a - a +1 shortbow (weapon) {bow}
 m - a +2 dagger of draining {short}
   (You took it off a kobold on level 2 of the Dungeon)
 p - a +2 dagger of venom {short}
   (You found it on level 3 of the Dungeon)
Armour
 b - a +0 leather armour (worn)
 q - a +0 ring mail
   (You found it on level 3 of the Dungeon)
 r - a +0 ring mail
   (You found it on level 3 of the Dungeon)
 s - a +2 hat
   (You found it on level 3 of the Dungeon)
 u - a +0 chain mail
   (You took it off an orc on level 3 of the Dungeon)
 v - a +0 robe
   (You took it off an orc wizard on level 3 of the Dungeon)
 w - a +0 ring mail
   (You took it off an orc on level 3 of the Dungeon)
 A - a +0 robe
   (You found it on level 4 of the Dungeon)
Jewellery
 l - a ring of magical power
   (You found it on level 2 of the Dungeon)
Wands
 B - a wand of mindburst (19)
   (You found it on level 4 of the Dungeon)
Scrolls
 c - 2 scrolls of immolation {!r!r}
 d - a scroll of brand weapon {unknown}
 e - a scroll of magic mapping {unknown}
 f - 4 scrolls of teleportation {unknown}
 g - a scroll of noise {unknown}
 h - 6 scrolls of identify {unknown}
 i - 2 scrolls of holy word {unknown}
 n - a scroll of enchant armour {unknown}
 o - a scroll of blinking {unknown}
 x - a scroll of fog {unknown}
 y - a scroll of torment {unknown}
Potions
 j - a potion of curing {unknown}
 k - a potion of might {unknown}
 t - 2 potions of haste {unknown}
 z - 2 potions of heal wounds {@q2}

Dungeon Overview and Level Annotations

Branches:
Dungeon (4/15)             Temple (1/1) D:4

Altars:
Ashenzari
Cheibriados
Dithmenos
Elyvilon
Gozag
Hepliaklqana
Kikubaaqudgha
Makhleb
Nemelex Xobeh
Okawaru
Ru
Sif Muna
Trog
Uskayaw
Vehumet
Xom
Yredelemnul
Zin
The Shining One

Annotations:
D:4 Grinder

#######.###........ ....
.................## ?...
.######.######....#
..... #.............<.#
..... #.#.............#
...... #.#.#+######....#
......##................
......5........####....#
.......@.......# ######
######[..#+#.#.# #...#
.#.# #...# .# # #...# .#
###.# #.# #.#


You could see Grinder.


Message History

HP[-6]
You take 6 damage, and now have 21/30 hp.
Shoot: a) +1 shortbow {bow}
Press: ? - help, Q - select action, (/) - cycle Shift-Dir - straight line, f/p - gnoll
Aim: a gnoll, wielding a +0 spear (heavily wounded, 70% to hit)
You shoot an arrow. The arrow closely misses the gnoll.
The arrow hits the gnoll!
The gnoll hits you from afar with a +0 spear.
HP[-3]
You take 3 damage, and now have 18/30 hp.
Shoot: a) +1 shortbow {bow}
Press: ? - help, Q - select action, (/) - cycle Shift-Dir - straight line, f/p - gnoll
Aim: a gnoll, wielding a +0 spear (heavily wounded, 70% to hit)
Okay, then.
HP[+1]
There is a stone staircase leading up here.
Shoot: a) +1 shortbow {bow}
Press: ? - help, Q - select action, (/) - cycle Shift-Dir - straight line, f - gnoll
Aim: a gnoll, wielding a +0 flail (severely wounded, 70% to hit)
You shoot an arrow. The arrow hits the gnoll.
You kill the gnoll!
You have reached level 6!
HP[+4] MP[+1]
You now have 35 max hp (+5).
You regained 4 hp, and now have 23/35 hp.
Your mp is fully restored (7).
Shoot: a) +1 shortbow {bow}
Press: ? - help, Q - select action, (/) - cycle Shift-Dir - straight line, f - gnoll
Aim: a gnoll, wielding a +0 spear (heavily wounded, 70% to hit)
You shoot an arrow. The arrow hits the gnoll!
You kill the gnoll!
Shoot: a) +1 shortbow {bow}
Press: ? - help, Q - select action, (/) - cycle Shift-Dir - straight line, f - you
Okay, then.
You start resting.
HP[+12]
Your hp is fully restored (35).
You see here a +0 flail {mace}.
Things that are here:
a +0 spear {polearm}; a gnoll corpse Grinder shouts!
Shoot: a) +1 shortbow {bow}
Press: ? - help, Q - select action, (/) - cycle Shift-Dir - straight line, f - Grinder
Aim: Grinder (64% to hit)
You shoot an arrow. The arrow barely misses Grinder.
Shoot: a) +1 shortbow {bow}
Press: ? - help, Q - select action, (/) - cycle Shift-Dir - straight line, f/p - Grinder
Aim: Grinder (64% to hit)
You shoot an arrow. The arrow hits Grinder!
Grinder blinks!
Shoot: a) +1 shortbow {bow}
Press: ? - help, Q - select action, (/) - cycle Shift-Dir - straight line, f/p - Grinder
Aim: Grinder (moderately wounded, 64% to hit)
You shoot an arrow. The arrow hits Grinder!
Shoot: a) +1 shortbow {bow}
Press: ? - help, Q - select action, (/) - cycle Shift-Dir - straight line, f/p - Grinder
Aim: Grinder (heavily wounded, 64% to hit)
You shoot an arrow. The arrow completely misses Grinder.
Shoot: a) +1 shortbow {bow}
Press: ? - help, Q - select action, (/) - cycle Shift-Dir - straight line, f/p - Grinder
Aim: Grinder (heavily wounded, 64% to hit)
You shoot an arrow. The arrow hits Grinder!
Grinder gestures at you. Pain shoots through your body!
HP[-14]
You take 14 damage, and now have 21/35 hp.
MASSIVE DAMAGE!! (PAUSE) Shoot: a) +1 shortbow {bow}
Press: ? - help, Q - select action, (/) - cycle Shift-Dir - straight line, f/p - Grinder
Aim: Grinder (severely wounded, 64% to hit)
You shoot an arrow. The arrow hits Grinder.
Grinder blinks!
Shoot: a) +1 shortbow {bow}
Press: ? - help, Q - select action, (/) - cycle Shift-Dir - straight line, f/p - Grinder
Aim: Grinder (severely wounded, 64% to hit)
You shoot an arrow. The arrow barely misses Grinder.
Shoot: a) +1 shortbow {bow}
Press: ? - help, Q - select action, (/) - cycle Shift-Dir - straight line, f/p - Grinder
Aim: Grinder (severely wounded, 64% to hit)
You shoot an arrow. The arrow completely misses Grinder.
Shoot: a) +1 shortbow {bow}
Press: ? - help, Q - select action, (/) - cycle Shift-Dir - straight line, f/p - Grinder
Aim: Grinder (severely wounded, 64% to hit)
You shoot an arrow. The arrow hits Grinder!
Grinder gestures at you.
You suddenly lose the ability to move!
Grinder says, "Tell me all your secrets, or I'll kill you."
Grinder hits you.
You writhe in agony.
* * * LOW HITPOINT WARNING * * *
Grinder hits you.
* * * LOW HITPOINT WARNING * * *
You writhe in agony.
* * * LOW HITPOINT WARNING * * *
Grinder hits you.
* * * LOW HITPOINT WARNING * * *
Grinder completely misses you. Grinder gestures at you.
You shrug off the repeated paralysis!
Grinder hits you!
You die...

Skill      XL: |  1  2  3  4  5 |
---------------+----------------+-----
Bows           | 5 6 7 |  7.8
Fighting       | |  2.0
Dodging        | |  2.1
Stealth        | |  1.0

Action                   |  1- 3 |  4- 6 || total
-------------------------+-------+-------++-------
Melee: Dagger            |       |     8 ||     8
       Kick              |       |     2 ||     2
 Fire: Shortbow          |    90 |   115 ||   205
  Use: Potion            |     1 |       ||     1
Armor: Leather armour    |    12 |     9 ||    21
Dodge: Dodged            |    24 |    22 ||    46

Levels and vault maps discovered:
D:1:      elethiomel_arrival_quiet, layout_rooms, basic_ecumenical_altar
D:2:      layout_basic, basic_altar, serial_curves, eino_curves_02,
          eino_curves_03
D:3:      layout_basic
D:4:      cheibrodos_helix_gallery, layout_basic, minmay_temple_entry_offerings,
          minmay_bisected, uniq_grinder
Temple:   mainiacjoe_temple_bowtie_tessellation

Notes
Turn   | Place    | Note
-------+----------+-------------------------------------------
     0 | D:1      | zeratav the Tengu Hunter began the quest for the Orb.
     0 | D:1      | Reached XP level 1. HP: 12/12 MP: 2/2
     0 | D:1      | magus.rc [v1.9.6]
   230 | D:1      | Reached XP level 2. HP: 17/17 MP: 3/3
   252 | D:1      | Found a faded altar of an unknown god.
   256 | D:1      | Reached skill level 5 in Bows
   486 | D:2      | Found a bloodstained altar of Trog.
   576 | D:2      | Reached XP level 3. HP: 21/21 MP: 4/4
   782 | D:2      | Reached skill level 6 in Bows
   785 | D:2      | HP: 5/21 [adder (4)]
   786 | D:2      | HP: 2/21 [adder (1)]
   794 | D:2      | Reached XP level 4. HP: 11/26 MP: 5/5
  1656 | D:3      | Gained mutation: Your magical nature lets you fly swiftly
                  | and evasively. [Tengu growth]
  1656 | D:3      | Reached XP level 5. HP: 26/30 MP: 6/6
  2119 | D:3      | Reached skill level 7 in Bows
  2880 | D:4      | Found a staircase to the Ecumenical Temple.
  2886 | D:4      | You add the spells Sting, Poisonous Vapours and Olgreb's
                  | Toxic Radiance to your library.
  2918 | D:4      | Noticed Grinder
  2938 | Temple   | Entered the Ecumenical Temple
  3199 | Temple   | Became a worshipper of Hepliaklqana the Forgotten
  3487 | D:4      | Reached XP level 6. HP: 23/35 MP: 7/7
  3627 | D:4      | Paralysed by Grinder for 7 turns
  3629 | D:4      | HP: 6/35 [Grinder (6)]
  3633 | D:4      | Slain by Grinder

Vanquished Creatures
  An orc wizard (D:3)
  10 adders
  4 gnolls (D:4)
  4 dart slugs
  2 worms (D:2)
  4 orcs (D:3)
  5 ball pythons
  7 endoplasms
  2 giant cockroaches
  A goblin (D:4)
  4 hobgoblins
  3 jackals (D:3)
  6 kobolds
  2 quokkas
  5 bats
  8 frilled lizards
  6 rats
74 creatures vanquished.

Table legend:
 A = Non-vault XP
 B = Vault XP
 C = Vault XP percentage of total XP
 D = Non-vault monster count
 E = Vault monster count
 F = Vault count percentage of total count
                 A         B        C        D         E       F
            +---------+---------+-------+---------+---------+-------
      Total |     322 |      17 |   5.0 |      71 |       3 |   4.1
            +---------+---------+-------+---------+---------+-------
        D:1 |      27 |       0 |   0.0 |      14 |       0 |   0.0
        D:2 |     132 |       0 |   0.0 |      29 |       0 |   0.0
        D:3 |      92 |       0 |   0.0 |      18 |       0 |   0.0
        D:4 |      71 |      17 |  19.3 |      10 |       3 |  23.1
            +---------+---------+-------+---------+---------+-------

Illustrated notes

Table legend:
 A = Kills in this place as a percentage of kills in entire the game.
 B = Kills by you in this place as a percentage of kills by you in the entire game.
 C = Kills by friends in this place as a percentage of kills by friends in the entire game.
 D = Other kills in this place as a percentage of other kills in the entire game.
 E = Experience gained in this place as a percentage of experience gained in the entire game.
 F = Experience gained in this place divided by the number of levels of this place that you have seen.
                   A       B       C       D       E      F
               +-------+-------+-------+-------+-------+----------------------
         Total | 100.0 | 100.0 |   N/A |   N/A | 100.0 |  67.8
       Dungeon | 100.0 | 100.0 |   N/A |   N/A | 100.0 |  84.8
               +-------+-------+-------+-------+-------+----------------------

Table legend: (Time is in decaauts)
 A = Elapsed time spent in this place.
 B = Non-inter-level travel time spent in this place.
 C = Inter-level travel time spent in this place.
 D = Time resting spent in this place.
 E = Time spent auto-exploring this place.
 F = Levels seen in this place.
 G = Mean time per level.
                   A        B        C        D        E       F      G
               +--------+--------+--------+--------+--------+-----+--------+
         Total |   3536 |   3427 |    109 |    406 |   2575 |   5 |  707.2 |
       Dungeon |   3276 |   3215 |     61 |    406 |   2376 |   4 |  819.0 |
        Temple |    260 |    213 |     47 |      0 |    199 |   1 |  260.0 |
               +--------+--------+--------+--------+--------+-----+--------+

Top non-repeatable levels by time:
     D:2: 1170 daAuts
     D:3: 1061 daAuts
     D:4: 551 daAuts
     D:1: 493 daAuts
  Temple: 260 daAuts
